cohdb
Replays
Latest Replays
All Replays
Popular Replays
Top Player Replays
Match Explorer
How It Works
Community
CoH3 Stats
Reddit
Sign in to upload your games and track your stats! →
Sign in with Steam
Match 43537716
Unlisted
Match 43537716
Overview
Messages
Build Orders
End
Kradschützen Motorcycle Team
Panzergrenadier Squad
Panzerpioneer Squad
Construct Light Support Kompanie
Fire Support Elements
Assault Grenadier Squad
Selects Panzerjäger Kommand Battlegroup
Selects Mine Fields
Flakvierling Half-track
2.5-tonne Medical Truck
Panzerjäger Mechanized Group
Selects Tank Busters
Selects Defensive Positions
Pak 38 Anti-tank Gun Team
Construct Panzerarmee Kommand
MG34 Team
le.IG 18 Support Gun Team
Panzer III L Medium Tank
Selects Butterfly Bomb Drop
Butterfly Bomb Drop
Morsezeichen
AboFoz
Legionary
RooRoolen
⁂ | YILONGMA
amihajlovic47
0
0
Comments
sign in to comment!
No comments posted yet!